 Seeded DCSS version 0.30-a0-586-g23e55c9e0a (webtiles) character file.

Game seed: 8784384458488116389 (custom seed)

19 flotson the Sneak (level 2, -1/24 HPs)
             Began as a Demonspawn Delver on Jan 3, 2023.
             Was an Initiate of Hepliaklqana.
             Slain by an adder (2 damage)
             ... in a sewer.
             The game lasted 00:02:46 (381 turns).

flotson the Sneak (Demonspawn Delver)                Turns: 381, Time: 00:02:47

Health: -1/24      AC:  3    Str: 12    XL:     2   Next: 55%
Magic:  2/2        EV: 11    Int: 11    God:    Hepliaklqana [......]
Gold:   8          SH:  0    Dex: 14    Spells: 1/1 levels left

rFire   . . .      SeeInvis .    a - +0 hand axe
rCold   . . .      Faith    .    (no shield)
rNeg    . . .      Spirit   .    b - +0 leather armour
rPois   .          Reflect  .    (no helmet)
rElec   .          Harm     .    (no cloak)
rCorr   .          Rampage  .    (no gloves)
Will    .....                    (no boots)
Stlth   +++                      (no amulet)
HPRegen 0.24/turn                (no ring)
MPRegen 0.08/turn                (no ring)

@: lethally poisoned (-1 -> -2)
A: demonic magic 1
a: Renounce Religion


You were in a sewer.
You worshipped Hepliaklqana.
Hepliaklqana was noncommittal.
You visited 2 branches of the dungeon, and saw 2 of its levels.
You also visited: Sewer.

You collected 8 gold pieces.

Inventory:

Hand Weapons
 a - a +0 hand axe (weapon)
Armour
 b - a +0 leather armour (worn)
Wands
 g - a wand of digging (2)
Scrolls
 c - a scroll of fog
 d - a scroll of teleportation {unknown}
 e - a scroll of fear
Potions
 f - a potion of might {unknown}
 h - a potion of brilliance {unknown}


   Skills:
 + Level 3.1 Fighting
 + Level 1.9 Axes
 + Level 0.3 Throwing
 + Level 0.3 Armour
 + Level 1.9 Dodging
 + Level 4.6 Stealth
 + Level 1.1 Invocations
 + Level 0.4 Evocations


You had one spell level left.
You didn't know any spells.
Your spell library was empty.

Dungeon Overview and Level Annotations

Branches:
Dungeon (5/15)             Temple (1/1) D:5           Sewer (1/1)

Altars:
Cheibriados
Dithmenos
Gozag
Hepliaklqana
Okawaru
Ru
Sif Muna
Trog
Vehumet


Innate Abilities, Weirdness & Mutations

Spells you cast may paralyse adjacent enemies.


Message History

You are poisoned.
The adder poisons you!
You closely miss the adder.
The adder is almost dead.
You feel sick. The adder bites you.
You are more poisoned.
The adder poisons you!
You are too injured to fight recklessly!
You are too injured to fight recklessly!
You are too injured to fight recklessly!
You are too injured to fight recklessly!
You are too injured to fight recklessly!
You are too injured to fight recklessly!
You are too injured to fight recklessly!
You are too injured to fight recklessly!
You are too injured to fight recklessly!
You closely miss the adder.
The adder is almost dead.
You feel very sick.
The adder bites you but does no damage. x2
You closely miss the adder.
The adder is almost dead.
You feel sick. The adder bites you but does no damage.
You completely miss the adder.
The adder is almost dead.
You feel sick. The adder bites you but does no damage. The adder bites you.
* * * LOW HITPOINT WARNING * * *
You closely miss the adder.
The adder is almost dead.
* * * LOW HITPOINT WARNING * * *
You feel sick. The adder closely misses you. The adder barely misses you.
You closely miss the adder.
The adder is almost dead.
* * * LOW HITPOINT WARNING * * *
You feel sick. The adder misses you.
You miss the adder.
The adder is almost dead.
* * * LOW HITPOINT WARNING * * *
You feel sick. The adder bites you but does no damage. The adder bites you.
You die...

...~. ..~ .~J ~.~ #.
#~# #.# #~# #.# #J#
##.## ##S## ##...##
##~~@##
#..~.~####.~~.~#####
#~..~~~~~~.~..~≈≈≈≈≈~
#~.~.~####..~..##≈##~
##~..## ##.~.## #
##~## ##≈## #~# #≈#
#~# #≈# #~# #≈#


You could see an adder and an endoplasm.

Vanquished Creatures
  An adder (Sewer)
  A worm (D:5)
  A ball python (Sewer)
  An endoplasm (Sewer)
  A quokka (D:5)
  A kobold (Sewer)
  3 rats
9 creatures vanquished.

Notes
Turn   | Place    | Note
-------+----------+-------------------------------------------
     0 | D:5      | flotson the Demonspawn Delver began the quest for the Orb.
     0 | D:5      | Reached XP level 1. HP: 18/18 MP: 1/1
    18 | D:5      | Noticed a wight
    18 | D:5      | Noticed a wight
    19 | D:5      | Noticed a wight
    56 | D:5      | Identified the +2 war axe of Qocal {holy, Stlth+}
    64 | D:5      | Found a staircase to the Ecumenical Temple.
    73 | Temple   | Entered the Ecumenical Temple
   104 | Temple   | Became a worshipper of Hepliaklqana the Forgotten
   202 | D:5      | Found a glowing drain.
   206 | Sewer    | Entered a sewer
   220 | Sewer    | Gained mutation: Spells you cast may paralyse adjacent
                  | enemies. [demonic ancestry]
   220 | Sewer    | Reached XP level 2. HP: 24/24 MP: 2/2
   251 | Sewer    | Reached skill level 1 in Invocations
   381 | Sewer    | HP: 1/24 [poisoned by an adder]
   381 | Sewer    | Slain by an adder

Illustrated notes

Levels and vault maps discovered:
D:5:      layout_basic, minmay_temple_entry_mist,
          hellmonk_ghost_happy_afterlife, serial_shops, shop,
          gup_sewer_entry_spiral, corner_web_ring, kennysheep_generic_room_9
Temple:   minmay_temple_bridge_abc
Sewer:    sewer_co_15_rooms

Skill      XL: |  1  2 |
---------------+-------+-----
Invocations    | 1 |  1.1
Fighting       | |  3.1
Axes           | |  1.9
Throwing       | |  0.3
Armour         | |  0.3
Dodging        | |  1.9
Stealth        | |  4.6
Evocations     | |  0.4

Action                   || total
-------------------------++-------
Melee: Hand axe          ||    44
Throw: Dart              ||     9
Evoke: Wand              ||     1
  Use: Scroll            ||     1
       Potion            ||     1
Armor: Leather armour    ||    14
Dodge: Dodged            ||    23

Table legend: (Time is in decaauts)
 A = Elapsed time spent in this place.
 B = Non-inter-level travel time spent in this place.
 C = Inter-level travel time spent in this place.
 D = Time resting spent in this place.
 E = Time spent auto-exploring this place.
 F = Levels seen in this place.
 G = Mean time per level.
                   A        B        C        D        E       F      G
               +--------+--------+--------+--------+--------+-----+--------+
         Total |    402 |    380 |     22 |      0 |    140 |   3 |  134.0 |
       Dungeon |    155 |    155 |      0 |      0 |     13 |   1 |  155.0 |
        Temple |     52 |     30 |     22 |      0 |     19 |   1 |   52.0 |
         Sewer |    194 |    194 |      0 |      0 |    107 |   1 |  194.0 |
               +--------+--------+--------+--------+--------+-----+--------+

Top non-repeatable levels by time:
   Sewer: 194 daAuts
     D:5: 155 daAuts
  Temple: 52 daAuts
